Cogmind - Beta 15 @@@ ROGUE MODE // 2025.05.19 @ 19:17:42 Player: Slind Result: Destroyed by S-10 Pest with Light Assault Rifle Performance ------------- Evolutions (1) 500 Regions Visited (2) 400 Robots Destroyed (14) 70 Value Destroyed (330) 330 Prototype IDs (0) 0 Alien Tech Used (0) 0 Bonus (0) 0 TOTAL SCORE: 1300 Bonus ------- None Cogmind --------- Core Integrity 0/400 Matter 295/300 Energy 99/100 System Corruption 1% Temperature Cool (0) Movement Core (50) Location -9/Materials Parts ------- > --- POWER (1) -------- (None) > --- PROPULSION (4) --- (None) > --- UTILITY (2) ------ (None) > --- WEAPON (2) ------- (None) > --- INVENTORY (5) ---- Heat Sink Small Storage Unit Terrain Scanner Peak State ------------ > --- POWER ------------ Light Ion Engine > --- PROPULSION ------- Wheel Wheel > --- UTILITY ---------- Small Storage Unit Core Shielding > --- WEAPON ----------- EM Pulse Gun EM Pulse Gun > --- INVENTORY -------- Ion Engine Compact Wheel [Rating: 7] Favorites ----------- Power Light Ion Engine Engine Light Ion Engine Propulsion Flight Unit Wheel Wheel Hover Unit Hover Unit Flight Unit Flight Unit Utility Small Storage Unit Device ECM Suite Storage Small Storage Unit Protection Core Shielding Weapon EM Pulse Gun Energy Gun EM Pulse Gun Energy Cannon Particle Cannon Ballistic Gun Light Assault Rifle Build | -11 -10 -9 ------- Run | Yrd Mat Mat Slots Evolved 2 | . . 2 Power . | . . . Propulsion 2 | . . 2 Utility . | . . . Weapon . | . . . Parts Attached 19 | 6 11 2 Power 2 | 1 1 . Engine 2 | 1 1 . Core . | . . . Reactor . | . . . Propulsion 7 | 2 3 2 Treads . | . . . Leg . | . . . Wheel 4 | 2 1 1 Hover 1 | . . 1 Flight 2 | . 2 . Utility 5 | 1 4 . Device 3 | . 3 . Storage 1 | 1 . . Processor . | . . . Hackware . | . . . Protection 1 | . 1 . Artifact . | . . . Weapon 5 | 2 3 . Energy Gun 2 | 2 . . Energy Cannon 1 | . 1 . Ballistic Gun 2 | . 2 . Ballistic Cannon . | . . . Launcher . | . . . Special Weapon . | . . . Impact Weapon . | . . . Slashing Weapon . | . . . Piercing Weapon . | . . . Special Melee Weapon . | . . . Unidentified Prototypes . | . . . Parts Lost 12 | . 2 10 Power 2 | . . 2 Propulsion 5 | . 1 4 Utility 1 | . . 1 Weapon 4 | . 1 3 Highest Loss Streak 4 | . 1 4 To Critical Strikes . | . . . Average Backups 3 | 1 3 4 Power . | . 1 . Propulsion . | . 1 . Utility 1 | . . 2 Weapon . | . . . Tool/Special . | . . . Unused Backups 1 | . 1 . Power . | . . . Propulsion 1 | . 1 . Utility . | . . . Weapon . | . . . Tool/Special . | . . . Average Slot Usage (%) 65 | . 85 36 Engine 9 | . 14 4 Wheel 9 | . 15 . Flight 10 | . 11 10 Device 6 | . 6 5 Storage 5 | . 9 . Protection 2 | . 4 . Energy Gun 9 | . 15 . Ballistic Gun 9 | . 7 12 Peak Build Rating 7 | 6 7 6 Average Rating 4 | 4 5 3 On Entrance 4 | . 6 6 Naked Turns 33 | . . 33 Heaviest Build 13 | 12 13 9 Greatest Support 26 | 26 26 16 Greatest Overweight (x) 3 | . 3 1 Average Overweight (x) . | . . . Largest Inventory Capacity 8 | 8 8 5 Average Capacity 6 | 7 6 5 Most Carried 7 | 5 7 5 Average Carried 3 | 1 3 4 Final Capacity 8 | 8 5 5 Final Carried 5 | 1 5 3 Class Distribution -------------------- 100% | Mutant Dominant Class ---------------- Mutant | -10/Materials Mutant | -9/Materials Resources | -11 -10 -9 ----------- Run | Yrd Mat Mat Matter Collected 472 | 260 124 88 Remotely . | . . . Salvage Created 556 | 75 345 136 Parts 25 | . 20 5 Haulers Intercepted . | . . . Recyclers Shooed . | . . . Parts Field Recycled . | . . . Retrieved Matter . | . . . Parts Self-Destructed . | . . . Prevented . | . . . Kills | -11 -10 -9 ------- Run | Yrd Mat Mat Combat Hostiles Destroyed 11 | . 8 3 Guns 9 | . 7 2 Cannons 1 | . . 1 Classes Destroyed 5 | 1 2 2 Recycler 2 | 1 1 . Watcher 1 | . . 1 Swarmer 4 | . 3 1 Grunt 6 | . 5 1 Sentry 1 | . . 1 Best Kill Streak 4 | 1 4 2 Combat Bots Only 3 | . 3 1 Max Kills in Single Turn 1 | 1 1 1 Gunslinging . | . . . Exploded . | . . . Melee . | . . . Uniques/NPCs Destroyed . | . . . Combat | -11 -10 -9 -------- Run | Yrd Mat Mat Hostile Shots Fired 142 | . 39 103 Missed 51 | . 15 36 Hits 91 | . 24 67 Melee 1 | . . 1 Projectile 90 | . 24 66 Critical Strikes 1 | . . 1 Damage Taken 1138 | 31 313 794 Core 472 | . 67 405 Absorbed by Shields . | . . . Redirected to Shielding 7 | . 7 . Regen/Repaired (Parts) 31 | . 31 . Core Remaining (%) 86 | 100 73 . Volleys Fired 60 | 4 31 25 Largest 2 | 2 2 2 Hottest 80 | 80 80 68 Shots Fired 95 | 8 51 36 Gun 85 | 8 51 26 Cannon 10 | . . 10 Launcher . | . . . Special . | . . . Kinetic 47 | . 21 26 Thermal 10 | . . 10 Explosive . | . . . Electromagnetic 38 | 8 30 . Robot Hit Streak 12 | 2 12 9 Robot Miss Streak 3 | 1 3 3 Penetration Max . | . . . Secondary Targets 2 | . 2 . Max Gunslinging Chain 1 | . 1 . Shots Hit Robots 61 | 5 33 23 Core Hits 25 | 2 15 8 Critical Kills . | . . . Critical Parts Destroyed . | . . . Critical Strikes . | . . . Melee Attacks . | . . . Impact . | . . . Slashing . | . . . Piercing . | . . . Sneak Attacks . | . . . Combat Hostiles . | . . . Follow-up Attacks . | . . . Damage Inflicted 793 | 96 412 285 Guns 557 | 68 348 141 Cannons 144 | . . 144 Explosions 92 | 28 64 . Melee . | . . . Ramming . | . . . Kinetic 251 | . 110 141 Thermal 236 | 28 64 144 Explosive . | . . . Electromagnetic 306 | 68 238 . Impact . | . . . Slashing . | . . . Piercing . | . . . Highest Corruption 1 | . . 1 Average Corruption 1 | . . 1 Corruption Purged . | . . . Corruption Blocked . | . . . Effects 1 | . . 1 Energy Discharges 1 | . . 1 Overload Shots . | . . . Overflow Damage 17 | 3 14 . Projectiles . | . . . Explosions 17 | 3 14 . Melee . | . . . Knockbacks . | . . . Impact . | . . . Kinetic . | . . . Secondary . | . . . Self-Inflicted Damage 80 | 31 49 . Shots 2 | 1 1 . Rammed . | . . . Targets Rammed . | . . . Kicked . | . . . Crushed . | . . . Highest Temperature 162 | 66 162 99 Average Temperature 38 | 28 38 46 Received Heat Transfer 336 | . 117 219 Siege Activations . | . . . Martial Activations . | . . . Shielding Activations . | . . . Robots Disrupted . | . . . Combat Hostiles . | . . . Robots Corrupted 1 | . 1 . Combat Hostiles 1 | . 1 . Parts Fried 2 | . 2 . Impact Corruptions . | . . . Robots Melted . | . . . Combat Hostiles . | . . . Parts Melted 2 | . . 2 Heat Transferred 409 | 50 100 259 Parts Sabotaged . | . . . Parts Stolen . | . . . Parts Stripped . | . . . Power Chain Reactions 2 | 1 1 . Alert | -11 -10 -9 ------- Run | Yrd Mat Mat Maximum Alert Level . | . . . Low Security (%) 100 | 100 100 100 Level 1 . | . . . Level 2 . | . . . Level 3 . | . . . Level 4 . | . . . Level 5 . | . . . High Security . | . . . Max Security . | . . . Peak Influence 107 | 5 107 82 Initial 36 | . . 36 Average 48 | . 58 47 Influence Increases 482 | 5 261 216 Destroy 0b10 Robot/C 220 | . 160 60 Destroy 0b10 Robot/NC 15 | 5 5 5 Destroy Leader 82 | . 50 32 Successful Hack 38 | . 24 14 Destroy Structure 7 | . 7 . Partial Spotted 15 | . . 15 Lose Combat Pursuer 105 | . 15 90 Influence Decreases 440 | 5 174 261 Entered New Map 51 | . . 51 Time Decay 269 | 5 154 110 Lost Part 120 | . 20 100 Squads Dispatched 5 | . 4 1 Investigation 4 | . 3 1 Extermination . | . . . Reinforcement 1 | . 1 . Assault . | . . . Garrison . | . . . Intercept . | . . . Searches Triggered . | . . . Construction Impeded . | . . . Haulers Reinforced . | . . . Active Scanning Responses . | . . . Cargo Convoy Interrupts . | . . . Stealth | -11 -10 -9 --------- Run | Yrd Mat Mat Distress Signals 4 | . 1 3 Communications Jammed . | . . . Distress Signals . | . . . Times Spotted 35 | . 10 25 Peak Tracking Total 14 | . 3 14 Tactical Retreats 7 | . 1 6 Traps | -11 -10 -9 ------- Run | Yrd Mat Mat Traps Triggered 1 | . 1 . Indirectly . | . . . Trap Hack Attempts . | . . . Triggered . | . . . Disarmed . | . . . Reprogrammed . | . . . Reused . | . . . Traps Extracted . | . . . Installed . | . . . Triggered . | . . . Machines | -11 -10 -9 ---------- Run | Yrd Mat Mat Machines Disabled . | . . . Max in Single Turn . | . . . Machines Repaired . | . . . Machines Dismantled . | . . . Machines Sabotaged . | . . . Overloaded Fab Kills . | . . . Hacking | -11 -10 -9 --------- Run | Yrd Mat Mat Machines Accessed 6 | . 5 1 Terminals 4 | . 3 1 Fabricators . | . . . Repair Stations 1 | . 1 . Recycling Units 1 | . 1 . Scanalyzers . | . . . Garrison Access . | . . . Total Hacks 15 | . 12 3 Successful 7 | . 6 1 Failed 8 | . 6 2 Catastrophic 5 | . 4 1 Database Lockouts . | . . . Manual 5 | . 5 . Terminals 8 | . 5 3 Fabricators . | . . . Repair Stations 2 | . 2 . Recycling Units 5 | . 5 . Scanalyzers . | . . . Garrison Access . | . . . Terminal Hacks 2 | . 1 1 Recall Investigation 1 | . 1 . Zone Layout 1 | . . 1 Fabricator Hacks . | . . . Repair Station Hacks 2 | . 2 . Scan Component 1 | . 1 . Repair 1 | . 1 . Recycling Unit Hacks 3 | . 3 . Process 1 | . 1 . Report Inventory 1 | . 1 . Retrieve Matter 1 | . 1 . Scanalyzer . | . . . Garrison Access Hacks . | . . . Unauthorized Hacks . | . . . Terminals . | . . . Fabricators . | . . . Repair Stations . | . . . Recycling Units . | . . . Scanalyzers . | . . . Garrison Access . | . . . Data Cores Recovered . | . . . Used . | . . . Hacking Detections 5 | . 4 1 Full Trace Events 4 | . 3 1 Feedback Events 1 | . . 1 Corruption 1 | . . 1 Feedback Blocked . | . . . Robot Schematics Acquired . | . . . Robots Built . | . . . Authchips . | . . . Time . | . . . Total Robot Build Rating . | . . . Part Schematics Acquired . | . . . Parts Built . | . . . Authchips . | . . . Time . | . . . Total Part Build Rating . | . . . Parts Repaired 1 | . 1 . Time 13 | . 13 . Parts Recycled . | . . . Recycled Matter 19 | . 19 . Retrieved Matter . | . . . Retrieved Components . | . . . Parts Scanalyzed . | . . . Part Schematics Acquired . | . . . Parts Damaged . | . . . Bothacking | -11 -10 -9 ------------ Run | Yrd Mat Mat Used RIF Installer . | . . . Robots Hacked . | . . . Non-combat . | . . . Combat . | . . . Robot Hacks Applied . | . . . Relay Couplers Released . | . . . Fabnet Peak Effective % . | . . . Robots Rewired . | . . . Allies Hacked . | . . . Hacks Repelled . | . . . Allies | -11 -10 -9 -------- Run | Yrd Mat Mat Total Allies . | . . . Largest Group . | . . . Highest-Rated Group . | . . . Highest-Rated Ally . | . . . Total Orders . | . . . Ally Attacks . | . . . Total Damage . | . . . Kills . | . . . Allies Corrupted . | . . . Allies Melted . | . . . Intel | -11 -10 -9 ------- Run | Yrd Mat Mat Active Infowar (turns) 263 | . 151 112 Sensors 1 | . 1 . Terrain 22 | . 22 . ECM 241 | . 129 112 Robot Analysis Total . | . . . Derelict Logs Recovered . | . . . Drone Launches . | . . . Drone Recoveries . | . . . Exploration | -11 -10 -9 ------------- Run | Yrd Mat Mat Turns Passed 620 | 63 333 224 Spaces Moved 714 | 48 346 320 Core 81 | 13 3 65 Treads . | . . . Legs . | . . . Wheels 160 | 35 119 6 Hover 45 | . . 45 Flight 428 | . 224 204 Fastest Speed 37 | 50 37 37 Average Speed 52 | 79 55 45 Slowest Speed 200 | 90 200 100 Overloaded Moves . | . . . Propulsion Burnouts . | . . . Robots Hopped 1 | . 1 . Potential Cave-ins . | . . . Cave-ins Triggered . | . . . Exploration Rate (%) 29 | 5 64 20 Regions Visited 2 Branch Regions . Pre-discovered Areas . | . . . Known Exits Taken . | . . . Unknown Exits Taken 2 | 1 1 . Scrap Searched . | . . . Spaces Dug . | . . . Terrain Destroyed 13 | 5 8 . Melee . | . . . Projectile . | . . . AOE 13 | 5 8 . Terrain Rammed . | . . . Walls Destroyed . | . . . Machines Disabled . | . . . Actions | -11 -10 -9 --------- Run | Yrd Mat Mat Total 868 | 63 440 365 Wait 41 | 1 26 14 Move 710 | 47 343 320 Hop 1 | . 1 . Pick Up 18 | 5 12 1 Fast Attach 5 | 2 2 1 Attach 15 | 4 8 3 Detach 4 | . 4 . Swap 7 | . 6 1 Drop 7 | . 7 . Fire 60 | 4 31 25 Melee . | . . . Ram . | . . . Kick . | . . . Crush . | . . . Escape Stasis . | . . . Rewire . | . . . Trap . | . . . Miscellaneous . | . . . Route ------- -11/Scrapyard -10/Materials (discovered 3 exits: *Mat x3) -9/Materials History --------- Turn | Location | Event 8 | -11/Scrapyard | Discovered new exit (range 16) 64 | -11/Scrapyard | Entered Materials 91 | -10/Materials | Repaired Wheel 183 | -10/Materials | Discovered new exit (range 16) 307 | -10/Materials | Build established: Mutant 355 | -10/Materials | Discovered new exit (range 10) 380 | -10/Materials | Discovered new exit (range 16) 397 | -10/Materials | Entered another Materials area 397 | -9/Materials | Evolved 2 slots: Propulsion x2 578 | -9/Materials | Lost 4 parts (2n1u1w) 584 | -9/Materials | Core integrity fell below 50% 610 | -9/Materials | Core integrity fell below 20% 621 | -9/Materials | Destroyed by S-10 Pest with Light Assault Rifle Last Messages --------------- 00505_ W-16 Scout destroyed. 00506_ K-01 Serf collects debris. 00508_ Acquired Hover Unit. 00509_ ECM Suite destroyed. 00511_ K-01 Serf collects debris. 00528_ System corrupted: Energy discharge (-38). 00536_ Hover Unit destroyed. 00547_ Flight Unit destroyed. 00560_ Heat Sink melted. 00560_ Imp. Ion Engine melted. 00560_ Y-45 Defender destroyed. 00564_ Acquired 24 matter. 00566_ Acquired 10 matter. 00579_ Knocked back. 00581_ Ion Engine destroyed. 00581_ Com. Wheel destroyed. 00583_ Particle Cannon destroyed. 00598_ Critical hit (Burn: +37). 00608_ Lgt. Assault Rifle destroyed. 00615_ Acquired Heat Sink. Map ----- +----------------------------------------------------+ | ???????????????????????????????????????? | | ???????????????????????????????????????? | | ???????????????????????????????????????? | | ???????????????????????????????????????? | | ???????????????????????????????????????? | | ???????????????????????????????????????? | | ???????????????????????????????????????? | | ???????????????????????????????????????? | | ???????????????????????????????????????? | | ???????????????????????????????????????? | | ??????????????????????? ?????????????? | | ??????????????????????# ?????????????? | | ??????????????????????# ?????????????? | | ??????????????????????+ ?????????????? | | ??????????????????????# ?????????????? | | ??????????????????????# ?????????????? | | ??????????????????????# ?????????????? | | ??????????????????????# #????????????? | | ??????????????????????# #????????????? | | ??????????????????????# #????????????? | | ??????????????????????# #????????????? | | ??????????????????????# #????????????? | | ??????????????????????# #????????????? | | ??????????????????????# s #????????????? | | ??????????????????????#sss#????????????? | | ??????????????????????# @#????????????? | | ??????????????????????# #????????????? | | ??????????????????????# #????????????? | | ??????????????????????# #????????????? | | ??????????????????????# #????????????? | | ??????????????????????# #????????????? | | ??????????????????????# #????????????? | | ??????????????????????# #????????????? | | ??????????????????????# #????????????? | | ??????????????????????# #????????????? | | ??????????????????????# #????????????? | | ??????????????????????# #????????????? | | ??????????????????????# #????????????? | | ??????????????????????# #????????????? | | ??????????????????????# #????????????? | | ???????? ???????????# #????????????? | | ???????? ???????????# #????????????? | | ???????? ???????????# #????????????? | | ???????? ???????????# #????????????? | | ???????? ???????????# #????????????? | | ???????? %*???????????# #????????????? | | ???????? ???????????# #????????????? | | ???????? ???????????# #????????????? | | ???????? [ ???????????# #????????????? | | ????????#%#???????????# #????????????? | +----------------------------------------------------+ Best States ------------- Heat Dissipation 28 Energy Generation 10 Energy Capacity 250 Matter Stores 300 Matter Capacity 300 Sight Range 16 Terrain Scan Range 14 Terrain Scan Density 10 ECM Strength 1 Core Shielding 20 Evasion (%) 62 Item Schematics ----------------- None Robot Schematics ------------------ None Fabricated ------------ Nothing Repaired ---------- Wheel | 22% | -10/Materials Alien Tech Used ----------------- None Achievements -------------- Power Corrupts Challenges ------------ None Game ------ Seed WarlordPointyDeconstructor Manual? 0 Play Time 00:16:57 Cumulative 3.4 hours Start 2025.05.19 @ 19:04:14 End 2025.05.19 @ 19:17:42 Sessions 1 Manual Loads 0 Difficulty Rogue Special Mode None Game No. 4 Rogue 4 Adventurer 0 Explorer 0 Win Type - Total 0 Types 0/0/0/0/0/0/0/0/0/0 Lore% 4 Gallery% 7 Achievement% 11 Wizard Run 0 Options --------- Layout 1 ASCII 0 Keyboard 0 Movement Mouse Keybinds 0 Fullscreen 2 Font 32/SmallcapsGlow Map View 50x35 Zoom Use 0% Tactical HUD 1 Map Filters NONE Filters NONE Steam 1 RUN: 5666144c-5b7b-45ab-92fc-6865a30b4a74